 Dungeon Crawl Stone Soup version 0.28-a0-1130-gc51a68064b (webtiles) character file.

Game seed: 13764157509651517209

29832 ragingrage the Severer (level 13, -1/66 HPs)
             Began as a Gargoyle Artificer on Dec 12, 2021.
             Was the Champion of Okawaru.
             Slain by a seven-headed hydra (12 damage)
             ... on level 4 of the Lair of Beasts.
             The game lasted 00:30:11 (20466 turns).

ragingrage the Severer (Gargoyle Artificer)        Turns: 20466, Time: 00:30:11

Health: -1/66      AC: 19    Str: 13 (15) XL:     13   Next: 47%
Magic:  15/15      EV: 11    Int: 12      God:    Okawaru [******]
Gold:   764        SH:  0    Dex: 17 (18) Spells: 10/12 levels left

rFire   + + +      SeeInvis +   k - +8 broad axe of the Living Dead {flame, rF+ rCorr Dex+6}
rCold   + . .      Faith    +   (no shield)
rNeg    + . .      Spirit   .   J - +0 troll leather armour
rPois   ∞          Reflect  .   Y - +2 hat
rElec   +          Harm     .   N - scarf {rC+ rF+}
rCorr   +          Rampage  +   G - +2 pair of gloves
Will    .....                   S - +1 pair of boots {rampage}
Stlth   ++........              u - amulet of faith
HPRegen 1.01/turn               B - ring of protection from fire
MPRegen 0.14/turn               D - ring of see invisible

@: no status effects
A: sickness immunity, AC +9, negative energy resistance 1, electricity
resistance, torment resistance 1, petrification resistance, [deformed body],
[frail 1], [weak 2], [subdued magic 2]
a: Renounce Religion, Heroism, Finesse, Duel


You were on level 4 of the Lair of Beasts.
You worshipped Okawaru.
Okawaru was exalted by your worship.
You visited 3 branches of the dungeon, and saw 18 of its levels.
You also visited: Ossuary and Volcano.

You collected 908 gold pieces.
You spent 144 gold pieces at shops.

Inventory:

Hand Weapons
 a - a +4 battleaxe of electrocution
 b - a +0 hunting sling
 c - a +3 spear of venom
 k - the +8 broad axe of the Living Dead (weapon) {flame, rF+ rCorr Dex+6}
   (You acquired it on level 12 of the Dungeon)

   It burns those it strikes, dealing additional fire damage.
   Big, fiery blades are also staple armaments of hydra-hunters.
   Dex:       It affects your dexterity (+6).
   rF:        It protects you from fire.
   rCorr:     It protects you from acid and corrosion.
Missiles
 f - 42 sling bullets
 s - 2 silver javelins
 w - 21 poisoned darts (quivered)
 C - a throwing net
 W - a curare-tipped dart
Armour
 G - a +2 pair of gloves (worn)
 J - a +0 troll leather armour (worn)
 N - a scarf of resistance (worn)
 S - a +1 pair of boots of rampaging (worn)
 Y - a +2 hat (worn)
Jewellery
 t - a ring of fire
 u - an amulet of faith (around neck)
 B - a ring of protection from fire (left hand)
 D - a ring of see invisible (right hand)
 L - a ring of protection from cold
Wands
 d - a wand of mindburst (16)
 l - a wand of flame (3)
 o - a wand of iceblast (5)
 F - a wand of polymorph (9)
 Z - a wand of acid (4)
Scrolls
 j - 2 scrolls of vulnerability
 m - 2 scrolls of amnesia
 p - 4 scrolls of teleportation
 q - 3 scrolls of enchant armour
 r - 7 scrolls of identify
 y - 2 scrolls of torment
 H - a scroll of acquirement
 I - a scroll of magic mapping
 O - a scroll of immolation
 Q - a scroll of fog
 U - a scroll of blinking
Potions
 g - 9 potions of heal wounds
 h - 6 potions of curing
 i - 2 potions of brilliance {unknown}
 n - 2 potions of flight
 v - 3 potions of lignification
 x - 2 potions of might
 z - 2 potions of invisibility
 A - 4 potions of attraction
 E - 2 potions of degeneration {unknown}
 K - 4 potions of mutation
 M - a potion of berserk rage {unknown}
 P - a potion of cancellation {unknown}
 R - 2 potions of resistance {unknown}
 T - 2 potions of magic {unknown}
Miscellaneous
 e - a piece from Xom's chessboard (15/15)


   Skills:
 + Level 6.0 Fighting
 - Level 18.0 Axes
 - Level 2.1 Armour
 - Level 0.7 Dodging
 - Level 1.1 Stealth
 - Level 3.0 Invocations
 - Level 8.5 Evocations


You had 10 spell levels left.
You knew the following spells:

 Your Spells              Type           Power      Damage    Failure   Level
a - Blink                 Tloc           0%         N/A       45%         2

Your spell library contained the following spells:

 Spells                   Type           Power      Damage    Failure   Level
 Apportation              Tloc           0%         N/A       30%         1
 Magic Dart               Conj           0%         1d3       30%         1
 Corpse Rot               Necr/Air       0%         N/A       45%         2
 Ensorcelled Hibernation  Hex/Ice        0%         N/A       45%         2
 Poisonous Vapours        Pois/Air       0%         N/A       45%         2
 Inner Flame              Hex/Fire       0%         N/A       69%         3
 Mephitic Cloud           Conj/Pois/Air  0%         N/A       69%         3
 Portal Projectile        Hex/Tloc       0%         N/A       69%         3
 Cause Fear               Hex            0%         N/A       98%         4
 Leda's Liquefaction      Hex/Erth       0%         N/A       98%         4
 Alistair's Intoxication  Tmut/Pois      0%         N/A       100%        5
 Manifold Assault         Tloc           0%         N/A       100%        5
 Conjure Ball Lightning   Conj/Air       0%         3x3d6     100%        6
 Dragon Form              Tmut           0%         N/A       100%        7
 Storm Form               Tmut/Air       0%         N/A       100%        7
 Discord                  Hex            0%         N/A       100%        8
 Call Imp                 Summ           Unusable   N/A       N/A         2
 Call Canine Familiar     Summ           Unusable   N/A       N/A         3
 Summon Mana Viper        Hex/Summ       Unusable   N/A       N/A         5
 Dragon's Call            Summ           Unusable   N/A       N/A         9

Dungeon Overview and Level Annotations

Branches:
Dungeon (13/15)            Temple (1/1) D:6            Lair (4/6) D:8
 Spider (0/4) Lair:3          Orc (0/2) D:12        Ossuary (visited)
Volcano (visited)
  Swamp: Lair:2-4    Shoals: Lair:2-4    Vaults: D:13-14

Altars:
Ashenzari
Dithmenos
Gozag
Hepliaklqana
Kikubaaqudgha
Makhleb
Nemelex Xobeh
Okawaru
Qazlal
Ru
Trog
Uskayaw
Vehumet
Wu Jian
Xom
Zin
The Shining One

Shops:
D:5 !   D:9 *   D:10 *   D:13 (

Annotations:
D:7 exclusion: downstairs
D:10 exclusion: downstairs
D:11 2 transporters, 1 exclusion, enile's ghost, journeyman TrFi
Lair:3 Gastronok; Rupert


Innate Abilities, Weirdness & Mutations

You are immune to sickness and miasma.
Your stone body is resilient. (AC +9)
You are immune to poison.
You resist negative energy. (rN+)
You are resistant to electric shocks. (rElec)
You are resistant to unholy torment.
You are immune to petrification.
[Armour fits poorly on your strangely shaped body.]
[You are frail. (-10% HP)]
[You are very weak. (Str -4)]
[Your spells are easier to cast, but less powerful.]


Message History

You feel the corruption within you wane somewhat.
You feel agile.
You feel robust.
You feel healthier.
Your Fighting skill increases to level 6!
You lop one of the six-headed hydra's heads off!
The five-headed hydra grows two more!
You hit the seven-headed hydra.
The seven-headed hydra is lightly wounded.
The seven-headed hydra closely misses you.
The seven-headed hydra bites you but does no damage.
The seven-headed hydra bites you! x2
The seven-headed hydra bites you but does no damage. x2
The seven-headed hydra bites you.
You slice one of the seven-headed hydra's heads off!
The six-headed hydra grows two more!
You hit the eight-headed hydra.
The eight-headed hydra is lightly wounded.
The eight-headed hydra bites you but does no damage. x2
The eight-headed hydra closely misses you.
The eight-headed hydra bites you but does no damage.
The eight-headed hydra bites you. x3
The eight-headed hydra bites you but does no damage.
You are too injured to fight recklessly!
You are too injured to fight recklessly!
You are too injured to fight recklessly!
You are too injured to fight recklessly!
You are too injured to fight recklessly!
Unknown command.
Your +4 battleaxe of electrocution stops crackling.
You feel agile.
The +8 broad axe of the Living Dead {flame, rF+ rCorr Dex+6} bursts into flame!
k - the +8 broad axe of the Living Dead (weapon)
{flame, rF+ rCorr Dex+6} You hack one of the eight-headed hydra's heads off!
The flame cauterises the wound!
You slash the seven-headed hydra! You burn the seven-headed hydra.
The seven-headed hydra is moderately wounded.
The seven-headed hydra bites you!
* * * LOW HITPOINT WARNING * * *
The seven-headed hydra bites you but does no damage.
The seven-headed hydra bites you.
* * * LOW HITPOINT WARNING * * *
The seven-headed hydra bites you!
You die...

##.......##
##.........##
#.#...........##
#.............P
#...<..##
#.#......#
##†.....#
#......##
##@....# #D....#
.#...## ........
........... ....
....... .....
....#.. #..P..
....###


You could see a seven-headed hydra.

Vanquished Creatures
  A red draconian (Volcano)
  2 hydras
  2 centaur warriors
  A boulder beetle (D:12)
  A wretched star (D:13)
  Pikel (D:8)
  2 cyclopes
  An ugly thing (D:13)
  6 centaur zombies
  2 manticores (D:12)
  4 cane toads
  2 black mambas
  2 torpor snails
  A rime drake (Lair:1)
  2 komodo dragons
  2 kobold demonologists (D:11)
  2 trolls
  A hornet (D:9)
  6 blink frogs (Lair:2)
  3 redbacks (Lair:3)
  2 wyverns
  A shadow (D:13)
  7 fire bats (Volcano)
  A wraith (D:12)
  3 basilisks
  54 yaks
  A steam dragon (D:8)
  3 vampire mosquitoes (D:12)
  2 wargs
  9 water moccasins
  5 sky beasts
  2 orc warriors
  3 ogres
  3 black bears
  7 centaurs
  A kobold brigand (D:11)
  12 bullfrogs
  A gnoll sergeant (D:7)
  2 scorpions
  A wyvern zombie (D:7)
  A water moccasin skeleton (D:7)
  9 killer bees (D:10)
  3 wights
  2 howler monkeys (D:8)
  9 lava snakes (Volcano)
  3 hounds
  2 centaur skeletons
  A gnoll shaman (D:8)
  4 orc priests
  3 bullfrog skeletons
  Natasha (twice) (D:3)
  2 iguanas (D:6)
  7 orc wizards
  A hound zombie (D:3)
  A howler monkey zombie (D:8)
  8 mummies (Ossuary)
  6 gnolls
  6 adders
  2 shadow imps
  A white imp (D:7)
  3 ufetubi
  3 dart slugs
  2 worms
  33 orcs
  9 ball pythons
  7 bats
  9 endoplasms
  3 giant cockroaches
  2 gnoll zombies (Ossuary)
  9 goblins
  5 hobgoblins
  3 jackals
  4 quokkas
  3 frilled lizards
  A hobgoblin zombie (Ossuary)
  9 kobolds
  3 kobold zombies (Ossuary)
  2 orc zombies (Ossuary)
  8 rats
355 creatures vanquished.

Vanquished Creatures (others)
  A jackal (D:1)
  7 fungi
  21 plants
29 creatures vanquished.

Grand Total: 384 creatures vanquished

Notes
Turn   | Place    | Note
-------+----------+-------------------------------------------
     0 | D:1      | ragingrage the Gargoyle Artificer began the quest for the
                  | Orb.
     0 | D:1      | Reached XP level 1. HP: 12/12 MP: 1/1
   423 | D:1      | Reached XP level 2. HP: 17/17 MP: 2/2
   916 | D:1      | Reached XP level 3. HP: 6/22 MP: 3/3
  1887 | D:2      | Found a faded altar of an unknown god.
  2458 | D:3      | Found a glowing golden altar of the Shining One.
  2463 | D:3      | Reached XP level 4. HP: 27/28 MP: 4/4
  2969 | D:3      | Reached XP level 5. HP: 27/33 MP: 5/5
  3024 | D:3      | Got the Almanac of Floating Enchantment
  3071 | D:3      | Learned a level 2 spell: Blink
  3119 | D:3      | Noticed Natasha
  3129 | D:3      | Killed Natasha
  3294 | D:3      | Noticed Natasha
  3306 | D:3      | Killed Natasha
  3586 | D:3      | Found a hide-covered altar of Uskayaw.
  3859 | D:4      | Reached XP level 6. HP: 37/39 MP: 6/6
  4419 | D:4      | Reached skill level 1 in Axes
  4750 | D:5      | Entered Level 5 of the Dungeon
  4750 | D:5      | Noticed a sky beast
  4905 | D:5      | Found Yxyot's Distillery.
  4908 | D:5      | Bought a potion of heal wounds for 75 gold pieces
  4908 | D:5      | Bought a potion of might for 60 gold pieces
  5047 | D:5      | Reached skill level 2 in Axes
  5047 | D:5      | Reached skill level 5 in Evocations
  5367 | D:5      | Reached XP level 7. HP: 30/44 MP: 7/7
  5602 | D:5      | Reached skill level 3 in Axes
  6565 | D:5      | Reached skill level 4 in Axes
  6934 | D:5      | Reached XP level 8. HP: 19/48 MP: 8/8
  7153 | D:6      | Found an ornate altar of the Wu Jian Council.
  7171 | D:6      | Found a sparkling altar of Nemelex Xobeh.
  7179 | D:6      | Found a shimmering altar of Xom.
  7302 | D:6      | Reached skill level 5 in Axes
  8145 | D:6      | Found a staircase to the Ecumenical Temple.
  8173 | Temple   | Entered the Ecumenical Temple
  8553 | Temple   | Became a worshipper of Warmaster Okawaru
  8623 | D:6      | Reached skill level 6 in Axes
  9777 | D:7      | Reached * piety under Okawaru
  9778 | D:7      | Reached XP level 9. HP: 52/52 MP: 9/9
  9808 | D:7      | Reached skill level 7 in Axes
 10463 | D:7      | Found a sacrificial altar of Ru.
 10494 | D:7      | You fall into a shaft and drop 3 floors!
 10494 | D:10     | Entered Level 10 of the Dungeon
 10498 | D:10     | Identified 2 scrolls of acquirement
 10508 | D:11     | Noticed a kobold demonologist
 10508 | D:11     | Noticed a kobold demonologist
 10571 | D:10     | Reached skill level 8 in Axes
 11077 | D:10     | Reached ** piety under Okawaru
 11202 | D:10     | Reached skill level 9 in Axes
 11218 | D:10     | Reached XP level 10. HP: 32/58 MP: 10/10
 11456 | D:10     | Identified the +2 robe of the Sailor {rN++}
 11519 | D:10     | Reached *** piety under Okawaru
 11838 | D:10     | Reached skill level 10 in Axes
 12324 | D:8      | Found a bloodstained altar of Trog.
 12331 | D:8      | Found a staircase to the Lair.
 12499 | D:8      | Noticed Pikel
 12521 | D:8      | Reached **** piety under Okawaru
 12522 | D:8      | Reached skill level 11 in Axes
 12541 | D:8      | Killed Pikel
 12624 | D:8      | Found a sand-covered staircase.
 12629 | Ossuary  | Entered an ossuary
 12971 | D:8      | Identified the +1 quarterstaff "Alil" {vorpal, Str+7}
 13711 | D:9      | Reached skill level 12 in Axes
 13711 | D:9      | Reached XP level 11. HP: 47/62 MP: 11/11
 13787 | D:9      | Found Sitoaf's Gadget Gallery.
 14077 | D:9      | Found a broken altar of Ashenzari.
 14488 | D:10     | Reached skill level 13 in Axes
 14741 | D:10     | Found Mafeth's CLEARANCE SALE!.
 14746 | D:10     | Bought a potion of lignification for 9 gold pieces
 14757 | D:11     | Noticed a cyclops
 14760 | D:11     | Noticed a five-headed hydra
 14761 | D:11     | Noticed enile's ghost (journeyman TrFi)
 14771 | D:11     | Found a transporter.
 14903 | D:11     | Noticed a cyclops
 14918 | D:11     | Killed a cyclops
 14931 | D:11     | Noticed a manticore
 14936 | D:11     | Found a transporter.
 14937 | D:11     | Noticed a centaur warrior
 14961 | D:11     | Reached ***** piety under Okawaru
 15111 | D:11     | Identified the +7 hand axe of Laishuott {freeze, *Corrode
                  | Str+7}
 15404 | D:11     | Noticed a four-headed hydra
 15445 | D:11     | Killed a four-headed hydra
 15446 | D:11     | Reached skill level 14 in Axes
 15549 | D:11     | Noticed a two-headed ogre
 15549 | D:11     | Noticed a four-headed hydra
 15761 | Lair:1   | Entered Level 1 of the Lair of Beasts
 15761 | Lair:1   | Noticed a five-headed hydra
 15775 | Lair:1   | Killed a five-headed hydra
 16097 | Lair:1   | Reached XP level 12. HP: 67/67 MP: 12/12
 16456 | Lair:1   | Reached skill level 15 in Axes
 16502 | Lair:1   | Received a gift from Okawaru
 16949 | Lair:1   | Acquired an amulet of faith
 17045 | Lair:2   | Reached ****** piety under Okawaru
 17295 | Lair:2   | Reached skill level 1 in Invocations
 17367 | Lair:2   | Reached skill level 16 in Axes
 17459 | Lair:2   | Found a dark tunnel.
 17468 | Volcano  | Entered a volcano
 17654 | Volcano  | Noticed a centaur warrior
 17661 | Volcano  | Killed a centaur warrior
 17661 | Volcano  | Received a gift from Okawaru
 17662 | Volcano  | Noticed a red draconian
 17703 | Volcano  | Killed a red draconian
 17779 | Volcano  | Found a radiant altar of Vehumet.
 17970 | Lair:2   | Reached skill level 17 in Axes
 17970 | Lair:2   | Reached XP level 13. HP: 71/72 MP: 15/15
 18537 | Lair:2   | Received a gift from Okawaru
 18743 | Lair:3   | Noticed Gastronok
 18816 | Lair:3   | Found a hole to the Spider Nest.
 18968 | Lair:3   | Noticed Rupert
 19337 | D:12     | Acquired the +8 broad axe of the Living Dead {flame, rF+
                  | rCorr Dex+6}
 19444 | D:12     | Found a staircase to the Orcish Mines.
 19650 | D:12     | Found an iron altar of Okawaru.
 19971 | D:13     | Reached skill level 18 in Axes
 19971 | D:13     | Reached skill level 5 in Fighting
 20044 | D:13     | Found Hosoqik's Weapon Emporium.
 20466 | Lair:4   | Slain by a seven-headed hydra

Illustrated notes

Levels and vault maps discovered:
D:1:      mrwooster_arrival_statue_2, layout_basic, minmay_hedge_maze,
          nrook_uturn, columned_hall_lemuel
D:2:      layout_loops_ring, shapermc_ecumenical_altar_acropolis,
          hangedman_glass_teeth, minmay_pentomino_p2
D:3:      layout_basic, nicolae_uskayaw_dance_hall,
          mainiacjoe_overflow_brackets, serial_bayou_pond_a, uniq_natasha
D:4:      layout_basic
D:5:      layout_basic, grunt_ministairs_4, nicolae_stop_n_shop_2,
          minmay_misc_feat_square, minmay_statues_item
D:6:      layout_basic, overflow_temple_1_default, mainiacjoe_overflow_24_doors,
          lemuel_crystal_altar, temple_statues, patterned_corridor
D:7:      layout_cave_pools, nicolae_ru_sacrificial_ziggurat, serial_glass,
          glass_columns_b, glass_columns_a
D:8:      layout_loops_ring, kennysheep_mini_moat, erik_lair_orcish_takeover,
          enter_ossuary_5, uniq_pikel
D:9:      layout_roguey, cheibrodos_ashenzari_chains, nicolae_shop_gadgets
D:10:     layout_basic, minivault_1, nicolae_shop_clearance
D:11:     layout_long_grid, nzn_ghost_randoct, evilmike_minifort
D:12:     layout_gridville, orc_0_dummy, kennysheep_okawaru_gauntlet
D:13:     layout_loops_ring, hangedman_vaults_entry_quadrant_bands,
          serial_shops, nicolae_shop_bloodbath_and_beyond,
          hellmonk_guarded_unrand_starlight
Temple:   minmay_temple_curvy_branch
Lair:1:   layout_layer_cave
Lair:2:   layout_cave_pods, nicolae_volcano_entry_hallway, grunt_megastairs_1
Lair:3:   layout_regular_city, minmay_shoals_entry_centaurs,
          spider_nest_entry_webs, serial_bayou_pond_c, uniq_rupert,
          uniq_prince_ribbit2, uniq_gastronok
Lair:4:   layout_hall_layers, uniq_snorg

Skill      XL: |  1  2  3  4  5  6  7  8  9 10 11 12 13 |
---------------+----------------------------------------+-----
Evocations     | 3 4 5 6 8 |  8.5
Fighting       | 2 3 4 6 |  6.0
Axes           | 2 4 6 9 12 14 17 18 | 18.0
Invocations    | 3 |  3.0
Armour         | |  2.1
Dodging        | |  0.7
Stealth        | |  1.1

Action                   |  1- 3 |  4- 6 |  7- 9 | 10-12 | 13-15 || total
-------------------------+-------+-------+-------+-------+-------++-------
Melee: Club              |    42 |       |       |       |       ||    42
       Quarterstaff      |    97 |   154 |       |       |       ||   251
       Morningstar       |       |    34 |   236 |       |       ||   270
       Spear             |       |       |   114 |   176 |     5 ||   295
       Punch             |       |       |     1 |       |       ||     1
       Battleaxe         |       |       |       |   461 |   116 ||   577
       Trident           |       |       |       |    10 |       ||    10
       Broad axe         |       |       |       |       |    18 ||    18
 Fire: Hunting sling     |       |    37 |    20 |    34 |       ||    91
Throw: Dart              |       |       |    35 |     9 |     1 ||    45
       Boomerang         |       |       |       |     2 |     1 ||     3
Invok: Heroism           |       |       |     2 |     7 |       ||     9
Evoke: Wand              |     2 |     7 |     1 |     8 |       ||    18
  Use: Scroll            |       |     2 |     3 |     7 |     8 ||    20
       Potion            |       |       |       |     1 |       ||     1
 Stab: Paralysed         |       |     4 |       |       |       ||     4
       Distracted        |       |       |       |     1 |       ||     1
Armor: Leather armour    |    61 |       |       |       |       ||    61
       Scale mail        |    21 |   162 |   329 |    24 |       ||   536
       Troll leather arm |       |       |       |   345 |    84 ||   429
Dodge: Dodged            |   107 |    94 |   207 |   326 |    66 ||   800

Table legend: (Time is in decaauts)
 A = Elapsed time spent in this place.
 B = Non-inter-level travel time spent in this place.
 C = Inter-level travel time spent in this place.
 D = Time resting spent in this place.
 E = Time spent auto-exploring this place.
 F = Levels seen in this place.
 G = Mean time per level.
                   A        B        C        D        E       F      G
               +--------+--------+--------+--------+--------+-----+--------+
         Total |  20567 |  19017 |   1550 |   3900 |  10559 |  20 | 1028.3 |
       Dungeon |  16573 |  15381 |   1192 |   3602 |   8411 |  13 | 1274.8 |
        Temple |    405 |    337 |     68 |      0 |    335 |   1 |  405.0 |
          Lair |   3063 |   2774 |    289 |    219 |   1660 |   4 |  765.8 |
       Ossuary |    198 |    198 |      0 |      0 |    125 |   1 |  198.0 |
       Volcano |    327 |    327 |      0 |     77 |     28 |   1 |  327.0 |
               +--------+--------+--------+--------+--------+-----+--------+

Top non-repeatable levels by time:
     D:6: 2412 daAuts
    D:10: 2143 daAuts
     D:5: 2080 daAuts
     D:1: 1733 daAuts
  Lair:2: 1512 daAuts
     D:3: 1417 daAuts
  Lair:1: 1290 daAuts
     D:4: 1231 daAuts
     D:8: 1000 daAuts
     D:7: 948 daAuts
    D:11: 916 daAuts
     D:2: 831 daAuts
    D:12: 790 daAuts
     D:9: 694 daAuts
  Temple: 405 daAuts
